 Dungeon Crawl Stone Soup version 0.26-a0-812-g31a745ddcd (webtiles) character file.

Game seed: 8700899835996917640

301 Borgoz the Slasher (level 6, -6/39 HPs)
             Began as a Gargoyle Monk on Dec 8, 2020.
             Mangled by a gnoll
             ... wielding a +0 halberd
              (10 damage)
             ... on level 4 of the Dungeon.
             The game lasted 00:07:41 (3393 turns).

Borgoz the Slasher (Gargoyle Monk)                  Turns: 3393, Time: 00:07:41

Health: -6/39      AC:  9    Str: 16    XL:     6   Next: 37%
Magic:  8/8        EV: 12    Int: 11    God:
Gold:   194        SH:  0    Dex: 18    Spells: 4/7 levels left

rFire    . . .     SeeInvis .   a - +0 falchion
rCold    . . .     Faith    .   (no shield)
rNeg     + . .     Spirit   .   g - +0 ring mail
rPois    ∞         Reflect  .   (no helmet)
rElec    +         Harm     .   (no cloak)
rCorr    .         Rampage  .   (no gloves)
MR       .....                  (no boots)
Stlth    ++........             (no amulet)
HPRegen  0.13/turn              j - +6 ring of dexterity
MPRegen  0.11/turn              (no ring)

@: berserk cooldown, hasted and slowed
A: negative energy resistance 1, electricity resistance, unbreathing,
petrification resistance, rot immunity, AC +4
a: no special abilities


You were on level 4 of the Dungeon.
You visited 1 branch of the dungeon, and saw 4 of its levels.
You also visited: Sewer.

You collected 194 gold pieces.

Inventory:

Hand Weapons
 a - a +0 falchion (weapon)
Armour
 e - a +0 scale mail
 g - a +0 ring mail (worn)
Jewellery
 j - a +6 ring of dexterity (left hand)
Scrolls
 d - 3 scrolls of fear
 h - a scroll of teleportation
 l - a scroll of magic mapping
 p - a scroll of remove curse
Potions
 b - 4 potions of brilliance
 f - a potion of curing
 i - 2 potions of flight
 k - 2 potions of magic {unknown}


   Skills:
 + Level 4.5 Fighting
 * Level 4.6 Long Blades
 + Level 2.6 Armour
 - Level 2.4 Dodging
 - Level 2.1 Stealth
 + Level 1.3 Spellcasting
 + Level 1.3 Hexes


You had 4 spell levels left.
You knew the following spells:

 Your Spells              Type           Power        Failure   Level
a - Confusing Touch       Hex            #.......     69%         3

Your spell library contained the following spells:

 Spells                   Type           Power        Failure   Level
 Animate Skeleton         Necr           #.....       50%         1
 Pain                     Necr           #...         50%         1
 Gell's Gravitas          Tloc           #.........   86%         3
 Vampiric Draining        Necr           #.........   86%         3
 Animate Dead             Necr           #.........   99%         4
 Petrify                  Tmut/Erth      #.......     99%         4
 Agony                    Necr           #.......     100%        5
 Metabolic Englaciation   Hex/Ice        #.........   100%        5
 Yara's Violent Unravell  Hex/Tmut       #.........   100%        5


Dungeon Overview and Level Annotations

Branches:
Dungeon (4/15)              Sewer (visited)
 Temple: D:4-7

Altars:
Nemelex Xobeh
Uskayaw

Annotations:
D:3 Sigmund


Innate Abilities, Weirdness & Mutations

You are resistant to torment.
Your stone body is resilient. (AC +4)
You are immune to poison.
You resist negative energy. (rN+)
You are resistant to electric shocks. (rElec)
You can survive without breathing.
You are immune to petrification.
You are immune to rotting.


Message History

The gnoll is moderately wounded.
The gnoll hits you with a +0 halberd.
* * * LOW HITPOINT WARNING * * *
The gnoll hits you but does no damage.
You completely miss the gnoll.
The gnoll is moderately wounded.
You hit the gnoll.
The gnoll is heavily wounded.
The gnoll closely misses you. The gnoll hits you but does no damage.
You hit the gnoll.
The gnoll is almost dead.
You are no longer berserk.
You are exhausted.
You feel yourself slow down.
You hit the gnoll but do no damage.
The gnoll is almost dead.
The gnoll hits you with the +4 mace of Karma {vorpal, rN+ MR+ Int-4 Stlth+}.
* * * LOW HITPOINT WARNING * * *
x2 The gnoll hits you with a +0 halberd!
You die...

#. #.# .#
#.. ...#..#
..... ..Z
#g## #gg#
##@# #(# .#
#.# .#
#.##.#
#..#.#
##.#.#
#.#.#######
#...##..<.#
##..##....#


You could see 3 gnolls and an adder skeleton.

Vanquished Creatures
  A centaur skeleton (D:4)
  A worker ant (D:4)
  A gnoll (D:4)
  7 adders
  8 river rats (Sewer)
  An ooze (D:1)
  4 worms (D:2)
  2 dart slugs (D:1)
  5 leopard geckos
  An orc (D:4)
  3 ball pythons (Sewer)
  6 giant cockroaches (D:3)
  5 goblins
  8 hobgoblins
  3 jackals (D:3)
  3 quokkas
  6 bats
  9 frilled lizards
  3 kobolds
  15 rats
92 creatures vanquished.

Notes
Turn   | Place    | Note
-------+----------+-------------------------------------------
     0 | D:1      | Borgoz the Gargoyle Monk began the quest for the Orb.
     0 | D:1      | Reached XP level 1. HP: 14/14 MP: 1/1
   232 | D:1      | Reached XP level 2. HP: 18/19 MP: 2/2
   360 | D:1      | Reached skill level 1 in Armour
   578 | D:1      | Reached XP level 3. HP: 21/23 MP: 3/3
   864 | D:2      | Reached XP level 4. HP: 26/29 MP: 4/4
  1063 | D:2      | Found a hide-covered altar of Uskayaw.
  1219 | D:2      | Learned a level 3 spell: Confusing Touch
  1419 | D:2      | Found a sparkling altar of Nemelex Xobeh.
  2087 | D:3      | Found a glowing drain.
  2098 | D:3      | Reached XP level 5. HP: 29/33 MP: 5/5
  2110 | Sewer    | Entered a sewer
  2720 | Sewer    | Reached skill level 1 in Spellcasting
  2787 | Sewer    | Reached skill level 1 in Hexes
  3050 | D:3      | Noticed Sigmund
  3070 | D:4      | Reached XP level 6. HP: 35/39 MP: 7/7
  3373 | D:4      | Identified the +4 mace of Karma {vorpal, rN+ MR+ Int-4
                  | Stlth+}
  3393 | D:4      | Mangled by a gnoll

Illustrated notes

Levels and vault maps discovered:
D:1:      wander_arrival_desolate, layout_basic, minmay_splitting_lines,
          fountainhead
D:2:      minmay_inner_zag, layout_basic, nemelex_altar_shiori,
          old_standard_altar
D:3:      layout_basic, gammafunk_temple_overflow_forgotten,
          gup_sewer_entry_pipe, uniq_sigmund
D:4:      layout_basic

Skill      XL: |  1  2  3  4  5 |
---------------+----------------+-----
Long Blades    | 3 4 |  4.6
Armour         | 1 2 |  2.6
Fighting       | 4 |  4.5
Spellcasting   | 1 |  1.3
Hexes          | 1 |  1.3
Dodging        | |  2.4
Stealth        | |  2.1

Action                   |  1- 3 |  4- 6 || total
-------------------------+-------+-------++-------
Melee: Falchion          |    62 |   253 ||   315
  Use: Scroll            |       |    10 ||    10
       Potion            |       |     6 ||     6
 Stab: Sleeping          |     1 |     5 ||     6
Armor: Scale mail        |     2 |       ||     2
       Ring mail         |    16 |    81 ||    97
Dodge: Dodged            |    45 |   159 ||   204
       Rpst.: Falchion   |    17 |    48 ||    65

Table legend: (Time is in decaauts)
 A = Elapsed time spent in this place.
 B = Non-inter-level travel time spent in this place.
 C = Inter-level travel time spent in this place.
 D = Time resting spent in this place.
 E = Time spent auto-exploring this place.
 F = Levels seen in this place.
 G = Mean time per level.
                   A        B        C        D        E       F      G
               +--------+--------+--------+--------+--------+-----+--------+
         Total |   3492 |   3417 |     75 |    907 |   1680 |   5 |  698.4 |
       Dungeon |   2553 |   2478 |     75 |    495 |   1409 |   4 |  638.2 |
         Sewer |    939 |    939 |      0 |    412 |    271 |   1 |  939.0 |
               +--------+--------+--------+--------+--------+-----+--------+

Top non-repeatable levels by time:
     D:2: 1294 daAuts
   Sewer: 939 daAuts
     D:1: 741 daAuts
     D:4: 325 daAuts
     D:3: 191 daAuts
